 Dungeon Crawl Stone Soup version 0.28.0 (webtiles) character file.

Game seed: 2930327135655754567

0 SnakkuSnakku7 the Vexing (level 1, 0/13 HPs)
             Began as a Human Enchanter on Feb 9, 2022.
             Slain by a jackal (3 damage)
             ... on level 1 of the Dungeon.
             The game lasted 00:00:23 (90 turns).

SnakkuSnakku7 the Vexing (Human Enchanter)            Turns: 90, Time: 00:00:23

Health: 0/13       AC:  2    Str:  8    XL:     1   Next: 11%
Magic:  3/3        EV: 12    Int: 15    God:
Gold:   8          SH:  0    Dex: 13    Spells: 4/4 levels left

rFire   . . .      SeeInvis .   a - +1 dagger
rCold   . . .      Faith    .   (no shield)
rNeg    . . .      Spirit   .   b - +0 robe
rPois   .          Reflect  .   (no helmet)
rElec   .          Harm     .   (no cloak)
rCorr   .          Rampage  .   (no gloves)
Will    .....                   (no boots)
Stlth   ++........              (no amulet)
HPRegen 0.04/turn               (no ring)
MPRegen 0.08/turn               (no ring)

@: no status effects
A: no striking features
a: no special abilities


You were on level 1 of the Dungeon.
You visited 1 branch of the dungeon, and saw 1 of its levels.

You collected 8 gold pieces.

Inventory:

Hand Weapons
 a - a +1 dagger (weapon)
Armour
 b - a +0 robe (worn)
Scrolls
 d - a scroll of identify {unknown}
Potions
 c - a potion of invisibility


   Skills:
 - Level 1.0 Short Blades
 - Level 2.0 Dodging
 - Level 3.0 Stealth
 - Level 2.0 Spellcasting
 + Level 3.0 Hexes


You had 4 spell levels left.
You didn't know any spells.
Your spell library contained the following spells:

 Spells                   Type           Power      Damage    Failure   Level
 Ensorcelled Hibernation  Hex/Ice        12%        N/A       19%         2
 Confusing Touch          Hex            10%        N/A       19%         3
 Tukima's Dance           Hex            10%        N/A       19%         3
 Dazzling Flash           Conj/Hex       12%        N/A       34%         3


Dungeon Overview and Level Annotations

Branches:
Dungeon (1/15)

Altars:

Annotations:
D:1 exclusion: 2 quokkas


Message History

A hobgoblin is nearby!
Found 24 stones.
A frilled lizard comes into view.
A jackal comes into view.
The jackal barks!
The hobgoblin shouts!
You hear a bark!
You see here a +0 club.
The jackal completely misses you.
You closely miss the jackal. The jackal bites you.
You closely miss the jackal. The jackal barely misses you.
The jackal closely misses you.
You closely miss the jackal. The jackal barely misses you.
You barely miss the jackal. The jackal bites you.
You hit the jackal but do no damage. The jackal closely misses you.
The jackal bites you.
You hit the jackal but do no damage. The jackal barely misses you.
You completely miss the jackal. The jackal bites you.
You are too injured to fight recklessly!
You are too injured to fight recklessly!
You are too injured to fight recklessly!
You are too injured to fight recklessly!
You hit the jackal but do no damage. The jackal bites you.
The jackal bites you but does no damage.
You hit the jackal but do no damage. The jackal barely misses you.
You closely miss the jackal. The jackal bites you.
* * * LOW HITPOINT WARNING * * *
The jackal misses you.
You closely miss the jackal.
The jackal bites you but does no damage.
The frilled lizard hisses angrily.
The jackal barely misses you.
An endoplasm comes into view.
The endoplasm moves out of view.
You barely miss the jackal. The jackal barely misses you.
The jackal completely misses you.
You completely miss the jackal. The jackal barely misses you.
You hit the jackal.
The jackal is moderately wounded.
The jackal barely misses you. The jackal bites you.
You die...

# #.#≈.......≈# ..####
#.#≈.≈...≈.≈#
..(...#######.###.#§§≈...≈.≈#
#................>#§§......≈#
#....#######..#§..^.....#
####.....g)...#.........#
###....##..#.........#
....$..##.##..####'''####
#########.@hl....8...8#
####..#.......#####
##.............#
.................#
######.##.######## #..#.#
##.#.. .##.. ..r


You could see a jackal, a hobgoblin and a frilled lizard.

Vanquished Creatures
  A ball python (D:1)
1 creature vanquished.

Notes
Turn   | Place    | Note
-------+----------+-------------------------------------------
     0 | D:1      | SnakkuSnakku7 the Human Enchanter began the quest for the
                  | Orb.
     0 | D:1      | Reached XP level 1. HP: 13/13 MP: 3/3
    90 | D:1      | Slain by a jackal

Illustrated notes

Levels and vault maps discovered:
D:1:      scummos_arrival_gate, layout_rooms, grunt_decor_resistance,
          hangedman_decor_slide_cut, serial_bayou_pond_e

Action                   || total
-------------------------++-------
Melee: Dagger            ||    15
Armor: Robe              ||     3
Dodge: Dodged            ||    13
